Map: [ESL] Cosmic Sapphire

Players

ShoWTimE

  • Race: Protoss Protoss
  • Spawn Location: 5:00

Gerald - Winner!

  • Race: Protoss Protoss
  • Spawn Location: 11:00

Event: DreamHack SC2 Masters 2022 Atlanta (Online)

VOD

Have the link to the VOD?

Description

Time

  • Played on: Oct. 6, 2022, 3:08 p.m.
  • Length: 26:03

All games in this series

Show
View Real Time Build Order
Export as new Build Order

ShoWTimE Protoss 

Build Orders: Phoenix Opening, Blink Stalkers 

Get SALT Encoding   

  12  0:00  Probe  
  13  0:12  Probe  
  14  0:17  Pylon  
  14  0:24  Probe (Chrono Boost)  
  15  0:36  Gateway, Probe (Chrono Boost)  
  16  0:44  Probe (Chrono Boost)  
  16  0:46  Assimilator  
  17  0:50  Probe  
  18  1:03  Probe (Chrono Boost)  
  19  1:04  Assimilator  
  19  1:09  Gateway  
  19  1:13  Probe (Chrono Boost)  
  19  1:18  Probe (Chrono Boost)  
  20  1:24  Cybernetics Core  
  21  1:29  Probe  
  22  1:36  Pylon  
  22  1:41  Probe  
  23  1:54  Probe  
  23  2:00  Stalker x2  
  23  2:01  Warp Gate  
  28  2:12  Pylon  
  28  2:20  Shield Battery  
  28  2:30  Stalker x2  
  31  2:54  Nexus  
  31  2:57  Probe  
  32  3:01  Sentry  
  34  3:11  Twilight Council  
  34  3:14  Probe  
  35  3:25  Pylon  
  35  3:28  Probe  
  36  3:34  Shield Battery  
  36  3:40  Probe  
  37  3:48  Stalker  
  37  3:53  Phoenix, Stalker  
  41  3:56  Probe  
  41  3:58  Blink (Chrono Boost)  
  42  4:03  Shield Battery  
  43  4:12  Probe (Chrono Boost)  
  43  4:14  Probe (Chrono Boost)  
  44  4:22  Stalker  
  44  4:23  Probe (Chrono Boost)  
  48  4:25  Probe (Chrono Boost)  
  48  4:29  Stalker  
  50  4:33  Probe x2  
  52  4:45  Probe x2  
  54  4:47  Robotics Facility  
  54  4:57  Probe x2  
  54  4:58  Pylon  
  56  5:01  Shield Battery  
  56  5:04  Adept x2  
  60  5:09  Probe x2  
  62  5:20  Pylon  
  61  5:21  Probe  
  61  5:25  Nexus  
  61  5:32  Probe  
  61  5:33  Probe, Assimilator  
  63  5:36  Observer (Chrono Boost)  
  63  5:38  Stalker x2  
  68  5:44  Probe  
  68  5:45  Probe  
  68  5:48  Pylon  
  70  5:53  Observer  
  70  5:56  Probe  
  72  5:57  Probe  
  72  5:59  Forge, Pylon  
  72  6:03  Stalker  
  75  6:05  Stalker  
  75  6:08  Probe  
  75  6:09  Probe  
  75  6:10  Phoenix  
  79  6:12  Shield Battery  
  79  6:21  Probe x2 (Chrono Boost)  
  81  6:28  Gateway  
  81  6:31  Protoss Ground Weapons Level 1, Gateway, Probe (Chrono Boost)  
  82  6:33  Probe (Chrono Boost)  
  82  6:38  Probe x2 (Chrono Boost)  
  85  6:43  Stalker  
  85  6:45  Stalker  
  85  6:46  Probe (Chrono Boost)  
  91  6:48  Probe (Chrono Boost)  
  91  6:50  Probe (Chrono Boost)  
  91  6:53  Probe x2 (Chrono Boost)  
  93  6:58  Pylon  
  93  6:59  Probe  
  93  7:00  Assimilator  
  95  7:01  Charge (Chrono Boost)  
  95  7:04  Probe, Gateway  
  95  7:06  Gateway  
  96  7:19  Gateway  
  96  7:20  Gateway  
  96  7:21  Warp Prism (Chrono Boost)  
  96  7:24  Pylon  
  96  7:25  Pylon  
  96  7:27  Stalker  
  96  7:29  Stalker  
  102  7:35  Pylon  
  102  7:42  Stalker  
  102  7:43  Stalker  
  106  7:49  Nexus  
  106  7:58  Probe x3  
  109  8:03  Zealot x4  
  115  8:11  Probe x3  
  118  8:13  Shield Battery  
  118  8:14  Zealot  
  118  8:15  Zealot x3  
  126  8:20  Photon Cannon  
  126  8:22  Observer (Chrono Boost), Pylon  
  126  8:25  Pylon  
  126  8:26  Probe  
  126  8:27  Probe x2  
  130  8:34  Zealot  
  130  8:35  Stalker x2  
  130  8:40  Protoss Ground Weapons Level 2 (Chrono Boost)  
  136  8:41  Stalker x2  
  140  8:52  Stalker x2  
  144  8:57  Stalker x2  
  148  9:05  Pylon  
  148  9:10  Zealot  
  148  9:12  Observer  
  149  9:19  Zealot x3  
  149  9:20  Zealot x3  
  149  9:23  Photon Cannon  
  159  9:25  Photon Cannon  
  159  9:26  Zealot x2  
  159  9:31  Robotics Bay  
  163  9:33  Robotics Facility  
  161  9:40  Photon Cannon  
  159  9:53  Stalker x8  
  159  9:56  Photon Cannon  
  175  10:02  Photon Cannon  
  175  10:12  Pylon  
  175  10:16  Pylon  
  175  10:20  Nexus, Gateway  
  175  10:23  Gateway  
  175  10:28  Disruptor (Chrono Boost)  
  178  10:29  Disruptor (Chrono Boost)  
  177  10:42  Zealot, Stalker x7  
  181  10:49  Photon Cannon  
  181  10:51  Photon Cannon  
  181  10:52  Assimilator  
  181  10:53  Gravitic Boosters, Shield Battery  
  181  10:55  Probe x2  
  181  10:56  Probe x2, Assimilator  
  185  11:02  Disruptor  
  184  11:11  Zealot  
  184  11:12  Zealot x5  
  184  11:16  Probe x2, Photon Cannon  
  196  11:19  Assimilator  
  196  11:21  Protoss Ground Weapons Level 3 (Chrono Boost)  
  196  11:24  Assimilator  
  196  11:27  Probe  
  196  11:28  Forge  
  152  11:44  Disruptor (Chrono Boost)  
  152  11:46  Stalker  
  142  11:47  Zealot x7  
  142  11:49  Disruptor (Chrono Boost)  
  156  11:58  Gateway  
  156  11:59  Gateway  
  156  12:05  Zealot x2  
  156  12:06  Protoss Ground Armor Level 1  
  160  12:13  Gateway  
  160  12:15  Zealot x6, Gateway  
  172  12:18  Zealot, Pylon  
  172  12:19  Zealot  
  174  12:41  Zealot x7  
  174  12:42  Zealot x3  
  188  12:46  Disruptor (Chrono Boost)  
  166  12:53  Stalker x2  
  168  13:01  Observer (Chrono Boost)  
  168  13:03  Stalker  
  168  13:04  Zealot x3, Stalker x5  
  183  13:17  Pylon  
  183  13:18  Zealot x3  
  189  13:20  Observer (Chrono Boost)  
  189  13:23  Disruptor (Chrono Boost)  
  181  13:34  Disruptor  
  181  13:41  Observer  
  177  13:55  Zealot x11  
  194  13:56  Observer  
  198  14:09  Nexus  
  195  14:10  Observer  
  195  14:11  Stargate  
  195  14:16  Disruptor  
  189  14:19  Zealot x11  
  176  14:43  Stalker x10  
  168  14:52  Disruptor  
  170  15:02  Oracle (Chrono Boost)  
  170  15:04  Zealot x2  
  170  15:05  Protoss Ground Armor Level 2  
  175  15:12  Disruptor  
  153  15:25  Zealot x11  
  153  15:26  Zealot  
  153  15:28  Disruptor  
  169  15:35  Shield Battery  
  168  15:38  Stalker x2  
  170  15:46  Templar Archives  
  170  15:47  Disruptor (Chrono Boost)  
  173  15:52  Stalker  
  173  15:53  Stalker x5  
  185  15:58  Observer  
  181  16:11  Disruptor (Chrono Boost)  
  153  16:13  Stalker x4  
  153  16:14  Stalker x4  
  161  16:23  Observer (Chrono Boost)  
  161  16:25  Zealot x6  
  173  16:26  Photon Cannon  
  173  16:28  Pylon  
  173  16:31  Oracle  
  170  16:38  Observer  
  169  16:40  Observer  
  169  16:41  High Templar x4  
  169  16:42  Stalker x4  
  169  16:44  Observer  
  186  16:48  Archon, Photon Cannon  
  186  16:52  Archon  
  162  17:01  Stalker x6  
  162  17:07  Zealot x4  
  181  17:09  Oracle (Chrono Boost)  
  182  17:26  Zealot x8  
  196  17:38  Zealot x2  
  157  18:02  Stalker x3  
  157  18:03  Stalker x8  
  179  18:08  Stalker x2  
  183  18:25  Disruptor  
  182  18:30  Nexus  
  159  18:49  Zealot x12  
  159  18:50  Zealot  
  159  18:53  Pylon  
  181  19:13  Observer  
  172  19:17  Disruptor  
  172  19:20  Zealot  
  172  19:21  High Templar x4  
  176  19:26  Oracle  
  176  19:28  Archon x2  
  176  19:29  Zealot x8  
  192  19:36  Observer  
  190  19:40  Disruptor  
  183  19:49  High Templar x6  
  195  19:53  Disruptor, Archon x3  
  198  20:02  Nexus  
  194  20:13  Zealot x7  
  181  20:16  Observer  
  142  20:29  Observer  
  143  20:37  Observer  
  143  20:40  Stalker x5  
  143  20:41  Stalker x4  
  159  20:51  Observer  
  159  21:21  Nexus  
  159  21:22  Pylon  
  159  21:24  Oracle (Chrono Boost)  
  159  21:27  Disruptor x2  
  168  21:34  Stalker x5  
  177  21:54  Stalker x6  
  181  21:55  Zealot x2  
  193  22:11  Zealot x3  
  199  22:20  Stalker  
  160  22:51  Nexus  
  160  22:54  Disruptor (Chrono Boost)  
  160  22:55  Observer (Chrono Boost)  
  129  23:01  Stalker x3  
  132  23:14  Disruptor (Chrono Boost), Observer, Oracle (Chrono Boost)  
  134  23:31  Stalker x3  
  135  23:43  Observer  
  134  23:53  High Templar x2  
  134  23:54  Observer, High Templar  
  134  23:55  High Templar  
  142  23:58  Archon  
  142  23:59  Archon  
  142  24:16  Observer  
  140  24:26  Observer  
  140  24:48  Nexus  
  138  24:59  Observer  
  133  25:13  Pylon  
Show
View Real Time Build Order
Export as new Build Order

Gerald Protoss - Winner!

Build Orders: Blink Stalkers 

Get SALT Encoding   

  12  0:00  Probe  
  13  0:12  Probe  
  14  0:17  Pylon  
  14  0:24  Probe (Chrono Boost)  
  16  0:36  Gateway  
  16  0:37  Probe (Chrono Boost)  
  16  0:42  Probe (Chrono Boost)  
  16  0:46  Assimilator  
  17  0:52  Probe  
  17  0:54  Assimilator  
  18  1:04  Probe (Chrono Boost)  
  19  1:08  Gateway  
  19  1:13  Probe (Chrono Boost)  
  19  1:18  Probe (Chrono Boost)  
  20  1:23  Cybernetics Core  
  21  1:31  Probe  
  22  1:34  Pylon  
  22  1:43  Probe  
  23  1:55  Probe  
  23  2:00  Stalker x2  
  28  2:01  Warp Gate (Chrono Boost)  
  28  2:07  Probe  
  29  2:13  Pylon  
  29  2:20  Probe  
  30  2:31  Adept x2  
  30  2:34  Probe  
  35  2:43  Twilight Council  
  34  2:51  Probe  
  34  2:54  Shield Battery  
  35  3:13  Nexus  
  35  3:25  Pylon  
  35  3:26  Probe  
  34  3:43  Blink (Chrono Boost), Stalker x2  
  34  3:44  Probe  
  39  3:56  Probe  
  40  4:03  Gateway  
  40  4:09  Probe  
  41  4:11  Stalker  
  43  4:18  Robotics Facility  
  43  4:21  Probe  
  44  4:25  Pylon  
  44  4:28  Probe  
  45  4:31  Sentry  
  45  4:33  Probe  
  48  4:40  Probe, Stalker  
  51  4:48  Probe  
  51  4:51  Pylon  
  51  4:52  Probe  
  53  4:55  Stalker  
  55  5:00  Probe  
  55  5:04  Probe  
  57  5:07  Stalker x2  
  57  5:09  Observer  
  60  5:25  Pylon  
  60  5:26  Stalker  
  62  5:29  Probe x2  
  62  5:32  Nexus  
  64  5:41  Stalker x2  
  68  5:44  Probe  
  68  5:47  Probe  
  70  5:50  Forge  
  70  5:56  Probe  
  69  5:57  Assimilator  
  69  6:01  Probe, Stalker  
  69  6:03  Shield Battery  
  72  6:08  Stalker  
  72  6:10  Probe  
  75  6:13  Probe, Pylon  
  76  6:19  Protoss Ground Weapons Level 1 (Chrono Boost)  
  76  6:22  Probe  
  77  6:26  Probe  
  77  6:31  Pylon  
  78  6:34  Shield Battery, Probe  
  78  6:35  Immortal (Chrono Boost)  
  78  6:38  Probe  
  84  6:45  Observer, Probe, Stalker  
  84  6:46  Probe  
  88  6:50  Gateway  
  88  6:52  Probe  
  89  6:57  Probe  
  89  6:59  Probe  
  91  7:04  Probe, Gateway  
  91  7:05  Robotics Bay  
  91  7:07  Observer  
  93  7:10  Probe  
  93  7:11  Probe  
  93  7:13  Assimilator  
  93  7:14  Pylon  
  95  7:16  Probe  
  95  7:17  Robotics Facility  
  95  7:22  Probe  
  97  7:23  Probe  
  97  7:28  Observer, Probe  
  100  7:36  Pylon  
  100  7:37  Assimilator  
  100  7:40  Gateway  
  100  7:41  Gateway  
  100  7:42  Stalker, Assimilator  
  100  7:43  Probe  
  103  7:45  Dark Shrine  
  103  7:50  Stalker x2  
  107  7:53  Observer  
  107  8:02  Disruptor (Chrono Boost)  
  107  8:04  Zealot x2  
  113  8:06  Photon Cannon  
  113  8:08  Shield Battery, Pylon  
  113  8:12  Probe  
  114  8:13  Photon Cannon  
  114  8:17  Observer  
  114  8:19  Gateway  
  114  8:20  Gateway  
  114  8:23  Protoss Ground Weapons Level 2  
  114  8:25  Disruptor (Chrono Boost)  
  117  8:30  Pylon  
  117  8:31  Stalker  
  118  8:36  Observer  
  118  8:43  Nexus  
  118  8:44  Observer  
  118  8:45  Disruptor (Chrono Boost)  
  121  8:50  Shield Battery  
  124  8:59  Stalker x2  
  124  9:00  Stalker  
  124  9:01  Disruptor (Chrono Boost)  
  130  9:08  Stalker  
  130  9:09  Stalker  
  134  9:13  Zealot  
  134  9:14  Observer  
  136  9:17  Observer (Chrono Boost)  
  137  9:26  Photon Cannon  
  137  9:28  Nexus  
  137  9:29  Photon Cannon  
  137  9:32  Shield Battery  
  137  9:33  Photon Cannon, Pylon  
  137  9:34  Disruptor  
  137  9:36  Pylon  
  140  9:44  Pylon  
  140  9:45  Stargate, Pylon  
  140  9:48  Stalker  
  140  9:52  Dark Templar  
  141  10:01  Probe x2  
  141  10:02  Shield Battery  
  141  10:06  Probe  
  142  10:07  Disruptor  
  142  10:11  Photon Cannon  
  142  10:13  Probe  
  145  10:16  Assimilator  
  145  10:17  Assimilator  
  145  10:18  Stalker x2  
  149  10:22  Probe x2  
  149  10:25  Probe  
  152  10:30  Stalker x2  
  152  10:34  Dark Templar  
  152  10:44  Zealot x4  
  152  10:46  Probe  
  152  10:47  Probe  
  162  10:56  Observer, Photon Cannon  
  161  10:57  Photon Cannon  
  161  10:58  Shield Battery  
  161  11:02  Protoss Ground Weapons Level 3 (Chrono Boost)  
  158  11:04  Probe  
  159  11:15  Stalker x4  
  159  11:17  Charge (Chrono Boost)  
  167  11:25  Fleet Beacon  
  129  11:40  Stalker  
  129  11:41  Stalker x5  
  129  11:45  Disruptor (Chrono Boost)  
  138  11:48  Disruptor (Chrono Boost)  
  138  11:51  Probe (Chrono Boost)  
  144  11:54  Probe (Chrono Boost)  
  144  11:55  Probe (Chrono Boost)  
  144  11:58  Probe (Chrono Boost)  
  145  12:03  Probe x2 (Chrono Boost)  
  145  12:04  Probe x2 (Chrono Boost)  
  145  12:07  Dark Templar x3  
  155  12:14  Probe (Chrono Boost)  
  159  12:16  Probe (Chrono Boost)  
  159  12:17  Probe (Chrono Boost), Stalker  
  159  12:19  Probe (Chrono Boost)  
  162  12:23  Observer (Chrono Boost)  
  162  12:24  Probe (Chrono Boost)  
  162  12:27  Observer (Chrono Boost)  
  162  12:28  Probe (Chrono Boost)  
  162  12:29  Mothership (Chrono Boost), Probe (Chrono Boost)  
  165  12:30  Probe (Chrono Boost)  
  165  12:33  Stalker  
  165  12:34  Probe (Chrono Boost), Stalker  
  175  12:39  Probe (Chrono Boost)  
  157  12:45  Zealot x3  
  157  12:46  Zealot x3  
  166  12:56  Probe  
  166  12:57  Disruptor (Chrono Boost)  
  169  13:09  Disruptor (Chrono Boost)  
  169  13:13  Robotics Facility  
  169  13:14  Nexus  
  166  13:21  Stalker x7  
  180  13:31  Disruptor  
  177  13:38  Disruptor  
  178  13:42  Stalker  
  178  13:43  Protoss Shields Level 1 (Chrono Boost)  
  178  13:45  Pylon  
  178  13:47  Pylon  
  178  13:48  Pylon x2  
  180  13:49  Pylon  
  180  13:59  Dark Templar  
  180  14:05  Dark Templar  
  180  14:06  Disruptor  
  180  14:07  Stalker  
  180  14:08  Stalker  
  180  14:09  Tempest (Chrono Boost)  
  185  14:19  Stalker x2  
  185  14:24  Zealot x3  
  155  14:41  Stalker x4  
  155  14:53  Stalker x2  
  155  14:54  Stalker x3  
  163  15:03  Observer  
  148  15:23  Disruptor (Chrono Boost)  
  148  15:27  Disruptor (Chrono Boost)  
  148  15:28  Disruptor (Chrono Boost), Tempest (Chrono Boost)  
  148  15:32  Nexus  
  148  15:33  Stalker  
  148  15:34  Stalker x8  
  174  15:53  Disruptor (Chrono Boost)  
  174  15:56  Disruptor (Chrono Boost)  
  177  15:58  Zealot x9  
  183  16:15  Disruptor  
  186  16:20  Nexus  
  186  16:22  Pylon  
  182  16:39  Tempest  
  185  16:41  Protoss Shields Level 2 (Chrono Boost)  
  185  16:44  Photon Cannon  
  185  16:45  Photon Cannon  
  185  16:46  Shield Battery  
  185  16:47  Shield Battery  
  167  17:04  Disruptor  
  167  17:07  Stalker x9  
  184  17:16  Unknown  
  184  17:18  Disruptor  
  187  17:26  Disruptor  
  187  17:31  Zealot x4  
  187  17:35  Zealot  
  195  17:43  Zealot x2  
  194  17:44  Disruptor (Chrono Boost)  
  167  17:54  Stalker x6  
  150  18:03  Disruptor (Chrono Boost), Probe  
  149  18:06  Pylon  
  149  18:08  Pylon  
  155  18:13  Disruptor (Chrono Boost)  
  155  18:23  Disruptor (Chrono Boost)  
  151  18:28  Dark Templar  
  151  18:39  Disruptor (Chrono Boost)  
  150  18:47  Zealot x2  
  150  18:48  Zealot x5  
  158  18:52  Dark Templar  
  163  19:07  Disruptor  
  162  19:14  Dark Templar x3  
  162  19:15  Dark Templar  
  163  19:19  Zealot  
  163  19:20  Zealot x3  
  171  19:25  Zealot  
  171  19:26  Probe x2  
  175  19:43  Disruptor  
  178  19:47  Zealot, Stalker  
  178  19:49  Photon Cannon  
  178  19:50  Shield Battery  
  178  19:52  Zealot, Pylon  
  182  19:53  Zealot x2  
  188  20:00  Stalker  
  184  20:13  Zealot x2  
  184  20:14  Zealot x3  
  162  20:19  Disruptor  
  162  20:20  Stalker  
  151  20:30  Stalker x3  
  157  20:38  Dark Templar x2  
  161  20:55  Observer  
  158  21:08  Stalker x6  
  170  21:16  Disruptor  
  173  21:26  Tempest  
  178  21:33  Dark Templar  
  178  21:39  Zealot x2  
  182  21:51  Disruptor  
  183  22:05  Zealot x4  
  183  22:06  Zealot x3  
  188  22:19  Zealot x2  
  180  22:27  Disruptor  
  124  23:02  Dark Templar  
  124  23:03  Disruptor  
  129  23:09  Nexus  
  129  23:23  Protoss Ground Armor Level 1 (Chrono Boost)  
  129  23:25  Photon Cannon  
  129  23:26  Pylon  
  124  23:39  Observer  
  123  23:46  Probe x3  
  124  23:59  Probe  
  124  24:00  Probe  
  129  24:07  Oracle (Chrono Boost)  
  129  24:26  Stalker x3  
  135  24:49  Disruptor  
  138  24:56  Tempest  
Tags
 
Add a new tag
Caveats
  • Supply blocks, unpowered buildings, or Contaminate may cause inaccurate times.
  • Supply counts are checked every 10 seconds.